cohdb
Replays
Latest Replays
All Replays
Popular Replays
Top Player Replays
Match Explorer
How It Works
Community
CoH3 Stats
Reddit
Sign in to upload your games and track your stats! →
Sign in with Steam
Match 42391301
Unlisted
Match 42391301
Overview
Messages
Build Orders
End
Kradschützen Motorcycle Team
Panzergrenadier Squad
250 Light Carrier
Construct Light Support Kompanie
Combat Half-tracks
MG34 Team
Selects Italian Infantry
Selects Defensive Operations
Panzerpioneer Squad
Fire Support Elements
2.5-tonne Medical Truck
Pak 38 Mechanized Group
Construct Panzerarmee Kommand
Selects Prepared Positions
Flakvierling Half-track
Walking Stuka Rocket Launcher
Selects Obice 305mm Barrage
Armored Reserves
Pak 38 Anti-tank Gun Team
看个鸟
사촌간볼빨기
alexbrundin
Blooddeani
Dahlian
Bish Bash Bosh
Turtleboy
Humbarwhy
0
0
Comments
sign in to comment!
No comments posted yet!